 Dungeon Crawl Stone Soup version 0.28-a0-1235-g7c8fac35f0 (webtiles) character file.

Game seed: 18148439626180571198

2562 tzalcoatl the Zephyrmancer (level 9, -2/75 HPs)
             Began as a Black Draconian Air Elementalist on Sept 10, 2021.
             Was a Plaything of Xom.
             Slain by a two-headed ogre (22 damage)
             ... created by the rage of Trog
             ... on level 5 of the Dungeon on Dec 24, 2021.
             The game lasted 00:55:03 (7701 turns).

tzalcoatl the Zephyrmancer (DrAE)                   Turns: 7701, Time: 00:55:04

Health: -2/75      AC:  8    Str: 10    XL:     9   Next: 31%
Magic:  13/15      EV: 13    Int: 20    God:    Xom [*.....]
Gold:   232        SH:  0    Dex: 12    Spells: 6/16 levels left

rFire   . . .      SeeInvis .   a - +0 dagger
rCold   . . .      Faith    .   (no shield)
rNeg    . . .      Spirit   .   (armour unavailable)
rPois   .          Reflect  .   (helmet restricted)
rElec   +          Harm     .   (no cloak)
rCorr   .          Rampage  .   (no gloves)
Will    .....                   n - +0 pair of boots
Stlth   ++........              d - amulet of magic regeneration
HPRegen 0.22/turn               (no ring)
MPRegen 0.54/turn               (no ring)

@: no status effects
A: breathe lightning, AC +7, unfitting armour, electricity resistance,
cold-blooded, screaming 1
a: Breathe Lightning, Renounce Religion


You were on level 5 of the Dungeon.
You worshipped Xom.
You were a special plaything of Xom.
You visited 1 branch of the dungeon, and saw 6 of its levels.

You collected 342 gold pieces.
You spent 110 gold pieces at shops.

Inventory:

Hand Weapons
 a - a +0 dagger (weapon)
Missiles
 i - a poisoned dart
 q - 5 atropa-tipped darts
Armour
 n - a +0 pair of boots (worn)
Jewellery
 d - an amulet of magic regeneration (around neck)
Wands
 s - a wand of paralysis (6)
 u - a wand of polymorph (6)
Scrolls
 c - 4 scrolls of enchant weapon
 e - a scroll of torment {unknown}
 g - 5 scrolls of teleportation {unknown}
 h - 2 scrolls of noise
 j - 2 scrolls of enchant armour
 l - a scroll of blinking
 o - 2 scrolls of amnesia {unknown}
 v - a scroll of fear {unknown}
Potions
 b - a potion of invisibility
 f - 3 potions of curing
 k - a potion of ambrosia
 m - a potion of flight {unknown}
 p - 2 potions of attraction
 r - a potion of heal wounds {unknown}
 t - 2 potions of degeneration {unknown}


   Skills:
 + Level 6.0 Fighting
 + Level 5.2 Dodging
 - Level 4.0 Stealth
 - Level 4.0 Spellcasting
 - Level 4.0 Conjurations
 * Level 9.6 Air Magic


You had 6 spell levels left.
You knew the following spells:

 Your Spells              Type           Power      Damage    Failure   Level
a - Shock                 Conj/Air       100%       1d9       1%          1
b - Static Discharge      Conj/Air       31%        N/A       1%          2
c - Airstrike             Air            21%        N/A       2%          4
s - Swiftness             Air            42%        N/A       1%          3

Your spell library contained the following spells:

 Spells                   Type           Power      Damage    Failure   Level
 Apportation              Tloc           8%         N/A       13%         1
 Gell's Gravitas          Tloc           4%         N/A       36%         3
 Teleport Other           Tloc           4%         N/A       36%         3
 Dispersal                Tloc           2%         N/A       100%        6


Dungeon Overview and Level Annotations

Branches:
Dungeon (6/15)             Temple (0/1) D:6

Altars:
Ashenzari
Fedhas
Kikubaaqudgha
Nemelex Xobeh
Okawaru
Trog
Uskayaw
Xom

Shops:
D:4 ?   D:5 :


Innate Abilities, Weirdness & Mutations

You can breathe wild blasts of lightning.
Your glossy black scales are hard. (AC +7)
You cannot fit into any form of body armour.
You are resistant to electric shocks. (rElec)
You are cold-blooded and may be slowed by cold attacks.
You occasionally shout uncontrollably at your foes.


Message History

The polar bear misses you. The two-headed ogre misses you.
The two-headed ogre hits you with a +0 giant spiked club!
The polar bear closely misses you. The polar bear barely misses you. x2
The polar bear bites you. The polar bear barely misses you.
The polar bear claws you but does no damage.
There is a stone staircase leading up, spattered with blood here.
The polar bear bites you!
The polar bear claws you but does no damage.
The polar bear barely misses you. The polar bear bites you.
The polar bear claws you. x2
The two-headed ogre hits you with a +0 giant spiked club!
The two-headed ogre hits you with a +0 giant spiked club.
The polar bear bites you!
* * * LOW HITPOINT WARNING * * *
The polar bear completely misses you. The polar bear misses you.
You climb upwards.
There is a stone staircase leading down here.
Casting: Shock (safe; 1% risk of failure)
Confirm with . or Enter, or press ? or * to list all spells.
The polar bear is struck by an arc of lightning!
The polar bear is lightly wounded.
You resist.
You are struck by an arc of lightning.
* * * LOW HITPOINT WARNING * * *
The polar bear is struck by an arc of lightning!
The polar bear is moderately wounded.
The lightning grounds out.
The polar bear is struck by an arc of lightning.
The polar bear is lightly wounded.
The lightning grounds out.
You are now a special plaything of Xom.
The polar bear barely misses you. The polar bear claws you.
* * * LOW HITPOINT WARNING * * *
The polar bear claws you but does no damage.
The polar bear misses you. The polar bear closely misses you. x2
The polar bear barely misses you.
The polar bear claws you but does no damage.
The polar bear barely misses you. The two-headed ogre misses you.
The two-headed ogre hits you with a +0 giant spiked club!!
You die...
Xom titters!

.........#########
...######......#.#
....#####......#.#
#......######..#'########
..PPP.P## ##..........#
....P.P.# #..........#
#.PP_PP## ##...(.....#
#.PPPP..# ####..h......#
...PP...# #...h@.......#
#.......####...O.h....###
....#........#......<.#
#####+#'####+#......#.#
.........#......###.#.#
.........#......# #.#.#
.........#......# #.#.#
.........###+#..###.#.#
....#'#+#...........#.#


You could see a two-headed ogre and 3 polar bears.

Vanquished Creatures
  Grinder (D:5)
  Sigmund (D:3)
  Menkaure (D:5)
  Duvessa (D:6)
  A black bear (D:4)
  2 ice beasts
  4 ogres
  A centaur (D:5)
  4 phantoms
  2 bullfrogs
  Blork the orc (D:4)
  A gnoll sergeant (D:6)
  A scorpion (D:6)
  Dowan (D:6)
  A bullfrog zombie (D:5)
  A bullfrog skeleton (D:6)
  A gnoll shaman (D:4)
  Natasha (thrice) (D:4)
  Terence (D:3)
  2 iguanas (D:5)
  2 orc wizards (D:4)
  Ijyb (D:4)
  5 adders
  15 gnolls
  A white imp (D:4)
  3 adder skeletons (D:4)
  A worm (D:2)
  4 dart slugs
  6 orcs
  11 ball pythons
  4 bats
  8 endoplasms
  4 giant cockroaches
  16 goblins
  9 hobgoblins
  15 jackals
  5 quokkas
  5 frilled lizards
  7 kobolds
  4 rats
157 creatures vanquished.

Vanquished Creatures (others)
  A bush (D:5)
1 creature vanquished.

Grand Total: 158 creatures vanquished

Notes
Turn   | Place    | Note
-------+----------+-------------------------------------------
     0 | D:1      | tzalcoatl the Draconian Air Elementalist began the quest
                  | for the Orb.
     0 | D:1      | Reached XP level 1. HP: 14/14 MP: 3/3
   195 | D:1      | Reached XP level 2. HP: 18/20 MP: 0/5
   732 | D:1      | Reached XP level 3. HP: 26/26 MP: 2/6
  1911 | D:2      | Reached XP level 4. HP: 33/33 MP: 4/7
  2471 | D:2      | Learned a level 2 spell: Static Discharge
  2817 | D:3      | Noticed Sigmund
  3148 | D:3      | Killed Sigmund
  3149 | D:3      | Reached skill level 4 in Air Magic
  3149 | D:3      | Reached XP level 5. HP: 26/39 MP: 4/9
  3328 | D:3      | Noticed an ogre
  3401 | D:3      | Killed an ogre
  3402 | D:3      | Reached XP level 6. HP: 34/50 MP: 8/10
  3822 | D:3      | Noticed Terence
  3852 | D:3      | Killed Terence
  3896 | D:3      | Found a hide-covered altar of Uskayaw.
  3923 | D:3      | Found a faded altar of an unknown god.
  3932 | D:3      | Got Plato's Catalogue of Orientation
  3933 | D:3      | Became a worshipper of Nemelex Xobeh the Trickster
  3933 | D:3      | Reached * piety under Nemelex Xobeh
  4167 | D:4      | Upgraded the game from 0.28-a0-429-g1448048969 to
                  | 0.28-a0-1235-g7c8fac35f0
  4263 | D:4      | Found a shimmering altar of Xom.
  4279 | D:4      | Fell from the grace of Nemelex Xobeh
  4279 | D:4      | Became a worshipper of Xom of Chaos
  4281 | D:4      | Noticed an ice beast
  4286 | D:4      | XOM: potion effect (haste)
  4290 | D:4      | Killed an ice beast
  4291 | D:4      | Your scales start taking on a glossy black colour.
  4291 | D:4      | Reached XP level 7. HP: 57/57 MP: 5/11
  4291 | D:4      | Gained mutation: You are resistant to electric shocks.
                  | (rElec) [Black Draconian growth]
  4311 | D:4      | Noticed Natasha
  4314 | D:4      | Killed Natasha
  4371 | D:4      | Reached skill level 5 in Air Magic
  4408 | D:4      | Noticed Ijyb
  4423 | D:4      | Killed Ijyb
  4565 | D:4      | Found Ejat's Magic Scroll Emporium.
  4569 | D:4      | Noticed Natasha
  4579 | D:4      | Killed Natasha
  4652 | D:4      | XOM: divination: magic mapping
  4666 | D:4      | Noticed Blork the orc
  4686 | D:4      | Killed Blork the orc
  4696 | D:4      | Noticed Natasha
  4889 | D:4      | Killed Natasha
  4890 | D:4      | Reached skill level 6 in Air Magic
  4895 | D:4      | Reached XP level 8. HP: 66/66 MP: 10/14
  4950 | D:4      | Bought a scroll of identify for 22 gold pieces
  4950 | D:4      | Bought a scroll of identify for 22 gold pieces
  4950 | D:4      | Bought a scroll of identify for 22 gold pieces
  4950 | D:4      | Bought a scroll of identify for 22 gold pieces
  4950 | D:4      | Bought a scroll of identify for 22 gold pieces
  4971 | D:4      | Found a bloodstained altar of Trog.
  5172 | D:5      | Entered Level 5 of the Dungeon
  5288 | D:5      | Learned a level 3 spell: Swiftness
  5293 | D:5      | Learned a level 4 spell: Airstrike
  5310 | D:5      | Found an iron altar of Okawaru.
  5314 | D:5      | Found a broken altar of Ashenzari.
  5320 | D:5      | Found an ancient bone altar of Kikubaaqudgha.
  5336 | D:5      | Noticed Menkaure
  5362 | D:5      | Killed Menkaure
  5398 | D:5      | Noticed Grinder
  5410 | D:5      | Found a blossoming altar of Fedhas.
  5418 | D:5      | Reached skill level 7 in Air Magic
  5565 | D:5      | XOM: cloud trail
  5735 | D:5      | XOM: cast spell 'Summon Small Mammal'
  5867 | D:5      | XOM: silly message
  5935 | D:5      | XOM: 2-stop teleportation journey
  5977 | D:5      | Found Raff's Book Shop.
  6044 | D:5      | XOM: confuse monster(s)
  6057 | D:5      | Killed Grinder
  6058 | D:5      | Reached skill level 5 in Fighting
  6058 | D:5      | Reached skill level 8 in Air Magic
  6119 | D:5      | XOM: scenery: 1 doors open
  6207 | D:6      | Noticed Duvessa
  6209 | D:6      | XOM: fog
  6215 | D:6      | XOM: butterfly on damage
  6226 | D:5      | XOM: fake destruction
  6463 | D:6      | Noticed Dowan
  6481 | D:5      | XOM: scenery: 2 doors close
  6549 | D:6      | Killed Dowan
  6550 | D:6      | Reached XP level 9. HP: 21/74 MP: 5/15
  6552 | D:6      | Killed Duvessa
  6573 | D:5      | XOM: give mutation
  6573 | D:5      | Gained mutation: You occasionally shout uncontrollably at
                  | your foes. [Xom's mischief]
  6932 | D:6      | Found a staircase to the Ecumenical Temple.
  6939 | D:6      | Reached skill level 9 in Air Magic
  6949 | D:6      | XOM: summons 3 hostile shadow creatures
  7102 | D:6      | Reached skill level 5 in Dodging
  7214 | D:6      | XOM: noise
  7562 | D:6      | Noticed a two-headed ogre
  7562 | D:6      | Noticed a polar bear
  7562 | D:6      | Noticed a polar bear
  7562 | D:6      | Noticed a polar bear
  7701 | D:5      | Slain by a two-headed ogre

Illustrated notes

Levels and vault maps discovered:
D:1:      scummos_arrival_star, layout_loops_ring, st_stairs_12,
          minmay_statues_item
D:2:      layout_basic, serial_corexii_hall, corexii_hall_statues_deadend,
          corexii_hall_statues_x, grunt_ministairs_14, minmay_pentomino_o4
D:3:      kennysheep_six_static_rooms, layout_basic,
          eat_drink_and_be_merry_uskayaw, shapermc_ecumenical_altar_rom_forum,
          minmay_misc_feat_ornament, hex_tiny, uniq_terence, uniq_sigmund
D:4:      layout_basic, bloody_trog, overflow_temple_1_default, serial_shops,
          nicolae_square_shop, serial_park_tiny_2, minmay_surrounded,
          uniq_natasha, uniq_blork_the_orc, uniq_ijyb
D:5:      layout_basic, fedhas_bush_and_centaur_altar,
          nicolae_overflow_hidden_temple, nicolae_take_the_stairs, uniq_grinder,
          uniq_menkaure
D:6:      layout_gridville, minmay_temple_entry_statues_fountains, uniq_duvessa

Skill      XL: |  1  2  3  4  5  6  7  8  9 |
---------------+----------------------------+-----
Stealth        | 2 3 4 |  4.0
Dodging        | 2 3 4 5 |  5.2
Conjurations   | 4 |  4.0
Spellcasting   | 3 4 |  4.0
Air Magic      | 4 6 8 9 |  9.6
Fighting       | 2 3 4 5 6 |  6.0

Action                   |  1- 3 |  4- 6 |  7- 9 || total
-------------------------+-------+-------+-------++-------
Melee: Club              |     4 |       |       ||     4
       Dagger            |    21 |    34 |    14 ||    69
       Tailslap          |     1 |     1 |     4 ||     6
 Cast: Shock             |    88 |   106 |   136 ||   330
       Static Discharge  |       |     3 |    62 ||    65
       Airstrike         |       |       |     6 ||     6
       Swiftness         |       |       |     1 ||     1
 Abil: Breathe Lightning |       |       |     1 ||     1
  Use: Scroll            |       |       |     8 ||     8
Armor: Skin              |    10 |    30 |    28 ||    68
Dodge: Dodged            |    26 |    74 |    88 ||   188

Table legend: (Time is in decaauts)
 A = Elapsed time spent in this place.
 B = Non-inter-level travel time spent in this place.
 C = Inter-level travel time spent in this place.
 D = Time resting spent in this place.
 E = Time spent auto-exploring this place.
 F = Levels seen in this place.
 G = Mean time per level.
                   A        B        C        D        E       F      G
               +--------+--------+--------+--------+--------+-----+--------+
         Total |   7693 |   7556 |    137 |   1284 |   4676 |   6 | 1282.2 |
       Dungeon |   7693 |   7556 |    137 |   1284 |   4676 |   6 | 1282.2 |
               +--------+--------+--------+--------+--------+-----+--------+

Top non-repeatable levels by time:
     D:5: 1820 daAuts
     D:2: 1601 daAuts
     D:3: 1487 daAuts
     D:1: 1207 daAuts
     D:4: 869 daAuts
     D:6: 706 daAuts
